 Dungeon Crawl Stone Soup version 0.17-a0-1078-g243345b (webtiles) character file.

19882 nubinia the Thaumaturge (level 12, -3/61 HPs)
             Began as a Deep Elf Earth Elementalist on May 19, 2015.
             Was the Champion of Sif Muna.
             Slain by a black mamba (14 damage)
             ... on level 4 of the Lair of Beasts.
             The game lasted 02:14:43 (18577 turns).

nubinia the Thaumaturge (DEEE)                     Turns: 18577, Time: 02:14:44

Health: -3/61      AC:  8    Str:  5    XL:     12   Next: 40%
Magic:  18/32      EV: 17    Int: 22    God:    Sif Muna [******]
Gold:   324        SH:  0    Dex: 17    Spells: 11 memorised, 4 levels left

rFire  . . .     SeeInvis .     b - +5 shortbow (freeze)
rCold  + . .     Clarity  .     m - +1 robe {Archmagi}
rNeg   . . .     SustAb   .     (no shield)
rPois  +         Gourm    .     Q - +2 hat
rElec  .         Spirit   .     U - +0 cloak "Vuemm" {+Fly rPois rC+ MR+}
rCorr  .         Warding  .     x - +0 pair of gloves
rMut   .         Stasis   .     A - +0 pair of boots
MR     ++...                    I - amulet of regeneration
Stlth  ++++......               g - +1 ring of evasion
                                d - ring of stealth

@: about to teleport, very resistant to hostile enchantments, stealthy
A: horns 1, dopey 1, poison resistance, regeneration 1, spit poison 1
a: Spit Poison, Channel Energy, Forget Spell, Renounce Religion, Evoke Flight


You were on level 4 of the Lair of Beasts.
You worshipped Sif Muna.
Sif Muna was exalted by your worship.
You were not hungry.

You visited 3 branches of the dungeon, and saw 13 of its levels.
You also visited: Sewer.

You collected 684 gold pieces.
You spent 360 gold pieces at shops.

Inventory:

Hand weapons
 a - a +0 dagger of protection
 b - a +5 shortbow of freezing (weapon)
 s - the +6 dagger of the Elven Halls {pierce, SInv Stlth+}
   (You found it on level 7 of the Dungeon)

   It inflicts extra damage upon your enemies.
   It lets you see invisible.
   It makes you more stealthy.
Missiles
 B - 320 stones
 J - 27 poisoned arrows
 S - 145 arrows (quivered)
Armour
 m - a +1 robe of the Archmagi (worn)
 x - a +0 pair of gloves (worn)
 A - a +0 pair of boots (worn)
 Q - a +2 hat (worn)
 U - the +0 cloak "Vuemm" (worn) {+Fly rPois rC+ MR+}
   (You found it on level 5 of the Dungeon)

   It protects you from cold.
   It protects you from poison.
   It affects your resistance to hostile enchantments.
   It lets you fly.
Jewellery
 d - a ring of stealth (left hand)
 g - a +1 ring of evasion (right hand)
 n - an uncursed ring of invisibility
 w - an uncursed ring of teleportation
 I - an amulet of regeneration (around neck)
 P - an uncursed ring of ice
 Z - an uncursed ring of sustain abilities
Magical devices
 i - a wand of random effects (28)
 G - a wand of slowing (14)
Scrolls
 l - a scroll of identify
 F - 8 scrolls of teleportation
Potions
 j - 4 potions of haste
 o - a potion of heal wounds
 p - 3 potions of might
 r - 4 potions of curing
 O - a potion of magic
 Y - 3 potions of agility
Books
 c - Sif Muna's Almanac of Black Magic and Transformation
   (Sif Muna gifted it to you on level 4 of the Lair of Beasts)

   Spells                             Type                      Level
   a - Pain                           Necromancy                   1
   b - Sublimation of Blood           Necromancy                   2
   c - Sticks to Snakes               Transmutation                2
   d - Vampiric Draining              Necromancy                   3
   e - Spider Form                    Transmutation/Poison         3
   f - Death's Door                   Charms/Necromancy            8
Miscellaneous
 K - a sack of spiders
Comestibles
 h - 6 royal jellies


   Skills:
 + Level 1.3 Fighting
 + Level 1.5 Short Blades
 + Level 7.3 Bows
 + Level 0.9 Throwing
 + Level 6.0 Dodging
 + Level 5.1 Stealth
 * Level 14.3 Spellcasting
 * Level 8.5 Conjurations
 + Level 5.9 Charms
 + Level 4.8 Necromancy
 + Level 0.2 Translocations
 + Level 1.7 Transmutations
 * Level 4.8 Fire Magic
 + Level 10.8 Earth Magic
 + Level 2.7 Invocations


You had 4 spell levels left.
You knew the following spells:

 Your Spells              Type           Power        Failure   Level  Hunger
a - Sandblast             Erth           ######       1%          1    None
b - Stone Arrow           Conj/Erth      ######       1%          3    None
c - Passwall              Trmt/Erth      ######....   1%          3    None
d - Bolt of Magma         Conj/Fire/Erth ######....   4%          5    ###....
e - Iskenderun's Mystic   Conj           ######..     1%          4    None
f - Petrify               Trmt/Erth      ######..     3%          4    None
g - Shroud of Golubria    Chrm/Tloc      #####.....   1%          2    None
l - Lee's Rapid Deconstr  Erth           #######...   1%          5    ###....
r - Regeneration          Chrm/Necr      ######....   1%          3    None
s - Stoneskin             Trmt/Erth      ######..     1%          2    None
v - Vampiric Draining     Necr           ######....   1%          3    None


Dungeon Overview and Level Annotations

Branches:
Dungeon (8/15)             Temple (1/1) D:6            Lair (4/8) D:8
  Swamp: Lair:3-6    Shoals: Lair:3-6     Snake: Lair:3-6    Spider: Lair:3-6

Altars:
Ashenzari
Cheibriados
Dithmenos
Fedhas
Kikubaaqudgha
Makhleb
Nemelex Xobeh
Okawaru
Qazlal
Ru
Sif Muna
Xom
Yredelemnul
Zin

Shops:
D:5 ?(}(   D:6 *(

Annotations:
Lair:3 Harold


Innate Abilities, Weirdness & Mutations

You have a pair of small horns on your head.
You are dopey. (Int -2)
Your system is resistant to poisons.
Your natural rate of healing is unusually fast.
You can spit weak poison.


Message History

You feel a surge of power!
The stone arrow misses the black mamba.
The black mamba bites you! x2
Unknown command.
Unknown command.
Unknown command.
Casting: Stone Arrow
Confirm with . or Enter, or press ? or * to list all spells.
Aiming: Stone Arrow
Press: ? - help, Shift-Dir - straight line, f/p - black mamba
Aim: a black mamba (heavily wounded)
You feel a surge of power!
The stone arrow hits the black mamba.
The black mamba is severely wounded.
The black mamba bites you!
* * * LOW HITPOINT WARNING * * *
Drink which item? (? for menu, Esc to quit)
Okay, then.
Read which item? (? for menu, Esc to quit)
As you read the scroll of teleportation, it crumbles to dust.
You feel strangely unstable. The black mamba bites you!
You die...

...... ##### .#.((
....(##... #### ###
....(#....###..# ###.#
....(...#..#..# #...##
#[.((........# ##.....
#†.(.<.###.###......
#.SS...##.#...>.....
###..@..###......#....
##.................#...
..(.................##...
...P##.......÷.....#.##.. ..
..#..........÷...###.P..
......†.P.##.#P....#####....
.....##.PP..#.....#####P....
...#.##.((..................
.....(..............#.#....


You could see 2 black mambas.

Vanquished Creatures
  A catoblepas (Lair:3)
  A queen ant (Lair:2)
  Pikel (D:4)
  A griffon (Lair:3)
  3 black mambas
  Psyche (D:8)
  A torpor snail (Lair:3)
  8 spiny frogs
  A komodo dragon (Lair:1)
  A queen bee (D:8)
  A troll (D:5)
  Grinder (D:3)
  2 wyverns
  Eustachio (D:4)
  9 yaks
  Grum (D:8)
  9 wolves
  5 hippogriffs
  Menkaure (D:4)
  8 soldier ants (Lair:2)
  2 sky beasts
  8 porcupines
  5 water moccasins
  2 slaves (D:4)
  2 phantoms
  Purgy (Sewer)
  A black bear (D:7)
  4 orc warriors
  3 ogres
  4 ice beasts
  2 centaurs (D:5)
  13 big kobolds (D:8)
  5 crocodiles
  11 giant frogs
  A scorpion (D:6)
  17 killer bees (D:8)
  An electric eel (Lair:3)
  5 wights
  2 crimson imps (D:5)
  5 hounds
  Crazy Yiuf (D:3)
  4 jellies
  5 orc priests
  5 orc wizards
  2 giant frog skeletons
  A centaur skeleton (D:7)
  7 iguanas
  21 worker ants (Lair:2)
  17 sheep
  A hound zombie (D:8)
  A hound skeleton (D:5)
  Robin (D:3)
  8 gnolls
  16 adders
  26 river rats
  A shadow imp (D:5)
  An adder zombie (D:7)
  2 oozes
  2 adder skeletons
  2 worms
  11 giant geckos
  29 orcs
  2 ball pythons (D:5)
  23 bats
  12 giant cockroaches
  14 goblins
  21 hobgoblins
  A jackal (D:1)
  23 kobolds
  8 quokkas
  2 giant gecko skeletons
  4 giant newts
  A quokka skeleton (D:4)
  16 rats
442 creatures vanquished.

Vanquished Creatures (collateral kills)
  A giant frog (Lair:1)
1 creature vanquished.

Vanquished Creatures (others)
  A fungus (Lair:1)
1 creature vanquished.

Grand Total: 444 creatures vanquished

Notes
Turn   | Place    | Note
--------------------------------------------------------------
     0 | D:1      | nubinia the Deep Elf Earth Elementalist began the quest for the Orb.
     0 | D:1      | Reached XP level 1. HP: 10/10 MP: 6/6
   423 | D:1      | Reached XP level 2. HP: 15/15 MP: 8/8
   430 | D:1      | Learned a level 2 spell: Stoneskin
  1301 | D:1      | Reached XP level 3. HP: 13/19 MP: 6/10
  1948 | D:2      | Reached skill level 4 in Spellcasting
  2089 | D:2      | Reached XP level 4. HP: 7/24 MP: 6/12
  2295 | D:2      | Learned a level 3 spell: Passwall
  2299 | D:2      | Learned a level 3 spell: Stone Arrow
  2411 | D:2      | Found a blossoming altar of Fedhas.
  2557 | D:2      | Found a shadowy altar of Dithmenos.
  2564 | D:2      | Reached skill level 1 in Conjurations
  2723 | D:3      | Noticed an ice beast
  2987 | D:3      | Reached XP level 5. HP: 26/28 MP: 10/13
  3135 | D:3      | Killed an ice beast
  3135 | D:3      | Reached skill level 5 in Spellcasting
  3411 | D:3      | Found a shimmering altar of Xom.
  3439 | D:3      | Noticed Robin
  3856 | D:3      | Reached XP level 6. HP: 32/32 MP: 16/16
  3958 | D:3      | Noticed Grinder
  4109 | D:3      | Killed Robin
  4226 | D:3      | Found a snail-covered altar of Cheibriados.
  4366 | D:3      | Reached skill level 5 in Earth Magic
  4387 | D:3      | Noticed Crazy Yiuf
  4393 | D:3      | Killed Crazy Yiuf
  4570 | D:3      | Learned a level 5 spell: Lee's Rapid Deconstruction
  5125 | D:4      | Noticed Pikel
  5150 | D:4      | Killed Pikel
  5150 | D:4      | Reached skill level 1 in Short Blades
  5150 | D:4      | Reached skill level 7 in Spellcasting
  5150 | D:4      | Reached XP level 7. HP: 36/36 MP: 9/19
  5260 | D:4      | Noticed Menkaure
  5266 | D:4      | Killed Menkaure
  5283 | D:4      | Noticed Eustachio
  5402 | D:4      | Killed Eustachio
  5402 | D:4      | Reached XP level 8. HP: 41/41 MP: 11/21
  5542 | D:5      | Entered Level 5 of the Dungeon
  5542 | D:5      | Found Veriughe's Gadget Shoppe.
  5629 | D:5      | Found a glowing drain.
  5686 | Sewer    | Entered a sewer
  5766 | Sewer    | Noticed Purgy
  5774 | Sewer    | Killed Purgy
  5774 | Sewer    | Reached skill level 8 in Spellcasting
  5911 | D:5      | Found Riarrar's Weapon Boutique.
  6082 | D:5      | Reached skill level 5 in Conjurations
  6216 | D:5      | Got a smoking cloak
  6247 | D:5      | Noticed a troll
  6590 | D:3      | Killed Grinder
  6590 | D:3      | Reached skill level 9 in Spellcasting
  6774 | D:1      | Learned a level 4 spell: Iskenderun's Mystic Blast
  6921 | D:5      | Killed a troll
  6921 | D:5      | Reached XP level 9. HP: 45/45 MP: 11/24
  7162 | D:5      | Found Useanut's Antique Weapon Shop.
  7405 | D:5      | Found an ancient bone altar of Kikubaaqudgha.
  7405 | D:5      | Found a basalt altar of Yredelemnul.
  7406 | D:5      | Found an iron altar of Okawaru.
  7514 | D:5      | Found Yzag's Magic Scroll Emporium.
  7530 | D:5      | Bought a scroll of identify for 24 gold pieces
  7545 | D:5      | Identified the +0 cloak "Vuemm" {+Fly rPois rC+ MR+} (You found it on level 5 of the Dungeon)
  7631 | D:6      | Found Dypeesoy's Antique Weapon Shoppe.
  7632 | D:6      | Reached skill level 1 in Bows
  7774 | D:6      | Found an ancient bone altar of Kikubaaqudgha.
  7804 | D:6      | Found Poacats's Evil Emporium.
  8055 | D:6      | Reached skill level 10 in Spellcasting
  8436 | D:6      | Found a staircase to the Ecumenical Temple.
  8442 | Temple   | Entered the Ecumenical Temple
  8515 | Temple   | Became a worshipper of Sif Muna the Loreminder
  8621 | D:6      | Learned a level 2 spell: Shroud of Golubria
  8625 | D:6      | Learned a level 3 spell: Regeneration
  9201 | D:7      | Got a pitted dagger
  9217 | D:7      | Reached skill level 1 in Charms
  9360 | D:7      | Reached skill level 1 in Necromancy
  9748 | D:7      | Found a sparkling altar of Nemelex Xobeh.
  9753 | D:7      | Reached XP level 10. HP: 35/51 MP: 14/26
  9820 | D:7      | Acquired Sif Muna's first power
 10356 | D:8      | Noticed Grum
 10386 | D:8      | Killed Grum
 10386 | D:8      | Reached skill level 11 in Spellcasting
 10394 | D:7      | Reached skill level 5 in Dodging
 10740 | D:8      | Acquired Sif Muna's second power
 10772 | D:8      | Noticed Psyche
 10795 | D:8      | Killed Psyche
 11231 | D:8      | Identified the +6 dagger of the Elven Halls {pierce, SInv Stlth+} (You found it on level 7 of the Dungeon)
 11315 | D:8      | Reached skill level 12 in Spellcasting
 11904 | D:8      | Reached skill level 5 in Charms
 11989 | D:8      | Found a staircase to the Lair.
 12369 | Lair:1   | Entered Level 1 of the Lair of Beasts
 12383 | Lair:1   | You fall through a shaft!
 12476 | Lair:1   | Reached XP level 11. HP: 46/55 MP: 22/29
 12535 | Lair:1   | Reached skill level 5 in Bows
 12556 | Lair:1   | Reached skill level 10 in Earth Magic
 13044 | Lair:1   | Reached skill level 1 in Fighting
 13878 | Lair:2   | Learned a level 5 spell: Bolt of Magma
 13900 | Lair:2   | Reached skill level 13 in Spellcasting
 14047 | Lair:2   | Acquired Sif Muna's third power
 14184 | Lair:2   | Reached skill level 1 in Fire Magic
 14559 | Lair:2   | Noticed a queen ant
 14575 | Lair:2   | Killed a queen ant
 14741 | Lair:2   | Reached skill level 1 in Invocations
 15568 | D:6      | Bought a transparent rapier for 288 gold pieces
 15568 | D:6      | Identified the cursed +2 rapier "Gulub" {drain, *Confuse +Blink rPois Str-3} (You bought it in a shop on level 6 of the Dungeon)
 16139 | Lair:3   | Reached skill level 5 in Stealth
 16393 | D:5      | Bought a scroll of identify for 24 gold pieces
 16393 | D:5      | Bought a scroll of identify for 24 gold pieces
 16394 | D:5      | Gained mutation: You have a pair of small horns on your head. [potion of mutation]
 16394 | D:5      | Gained mutation: You can spit weak poison. [potion of mutation]
 16394 | D:5      | Gained mutation: You are dopey. (Int -2) [potion of mutation]
 16395 | D:5      | Gained mutation: Armour fits poorly on your strangely shaped body. [potion of mutation]
 16395 | D:5      | Gained mutation: Your natural rate of healing is unusually fast. [potion of mutation]
 16395 | D:5      | Lost mutation: Armour fits poorly on your strangely shaped body. [potion of mutation]
 16620 | Lair:2   | Gained mutation: Your system is resistant to poisons. [potion of beneficial mutation]
 16754 | Lair:3   | Noticed a catoblepas
 16774 | Lair:3   | Killed a catoblepas
 16774 | Lair:3   | Reached XP level 12. HP: 54/61 MP: 15/31
 16978 | Lair:3   | Reached skill level 14 in Spellcasting
 17921 | Lair:4   | Noticed Harold
 17935 | Lair:4   | HP: 2/61 [Harold/bolt of fire (23)]
 18332 | Lair:2   | Learned a level 2 spell: Shroud of Golubria
 18337 | Lair:2   | Learned a level 4 spell: Petrify
 18563 | Lair:4   | Received a gift from Sif Muna
 18564 | Lair:4   | Identified Sif Muna's Almanac of Black Magic and Transformation (Sif Muna gifted it to you on level 4 of the Lair of Beasts)
 18569 | Lair:4   | Learned a level 3 spell: Vampiric Draining
 18577 | Lair:4   | Slain by a black mamba

Vault maps used:
D:1:      minmay_arrival_four_circles
D:2:      overflow_temple_1_default, overflow_temple_1_default
D:3:      overflow_temple_1_default, cheibriados_altar_wand_db, first_bread,
          uniq_grinder, uniq_robin, uniq_crazy_yiuf_cottage
D:4:      uniq_menkaure, uniq_eustachio, uniq_pikel
D:5:      minmay_opposing_rooms, gammafunk_temple_overflow_claw, serial_shops,
          shop_scrolls, kennysheep_mini_moat, shop, shop, gup_sewer_entry_pipe
D:6:      minmay_temple_entry_fiery, serial_shops, shop, nicolae_evil_shop
D:7:      nemelex_diamond_rough_becter
D:8:      lair_0_dummy, special_room, david_nohive_1, nicolae_wwwww, uniq_grum,
          uniq_psyche
Temple:   dpeg_five_rooms_temple_12
Lair:1:   beast_lair_carwin_11, lemuel_fruit_tree, grunt_megastairs_5
Lair:2:   zaba_antful_of_joy
Lair:4:   minmay_snake_entry_six_corridors, forest_entry_grove, uniq_harold
Sewer:    sewer_big_baddie

Action                   |  1- 3 |  4- 6 |  7- 9 | 10-12 || total
-------------------------+-------+-------+-------+-------++-------
Melee: Short sword       |    55 |    28 |     5 |       ||    88
       Quarterstaff      |       |     7 |       |       ||     7
       Dagger            |       |       |    24 |   108 ||   132
 Fire: Blowgun           |       |     2 |     9 |       ||    11
       Shortbow          |       |       |    88 |   400 ||   488
 Cast: Sandblast         |    61 |    83 |   112 |    81 ||   337
       Stoneskin         |     4 |     8 |     7 |     8 ||    27
       Stone Arrow       |       |    19 |    46 |   150 ||   215
       Lee's Rapid Decon |       |       |    11 |    36 ||    47
       Shroud of Golubri |       |       |     1 |     6 ||     7
       Iskenderun's Myst |       |       |       |    15 ||    15
       Regeneration      |       |       |       |     1 ||     1
       Bolt of Magma     |       |       |       |     5 ||     5
Invok: Channel Energy    |       |       |       |    60 ||    60
Evoke: Wand              |       |     1 |       |       ||     1
  Use: Potion            |     1 |     2 |       |     5 ||     8
       Scroll            |       |     6 |    15 |    13 ||    34
 Stab: Sleeping          |     4 |     2 |     5 |     5 ||    16
  Eat: Chunk             |     4 |    10 |    16 |    36 ||    66
       Beef jerky        |       |       |       |     1 ||     1
       Royal jelly       |       |       |       |     2 ||     2
